 Dungeon Crawl Stone Soup version 0.26-a0-597-gb535b0901c (webtiles) character file.

Game seed: 8077002996744896436

30 Alarkh the Skirmisher (level 3, 0/29 HPs)
             Began as a Demonspawn Fighter on Sept 3, 2020.
             Slain by an adder (2 damage)
             ... on level 2 of the Dungeon.
             The game lasted 00:00:54 (847 turns).

Alarkh the Skirmisher (Demonspawn Fighter)           Turns: 847, Time: 00:00:54

Health: 0/29       AC:  6    Str: 16    XL:     3   Next: 5%
Magic:  3/3        EV:  2    Int: 10    God:
Gold:   69         SH:  8    Dex: 12    Spells: 2/2 levels left

rFire    + . .     SeeInvis .     - Unarmed
rCold    . . .     Faith    .   b - +0 kite shield
rNeg     . . .     Spirit   .   a - +0 scale mail
rPois    .         Reflect  .   (no helmet)
rElec    .         Harm     .   (no cloak)
rCorr    .                      (no gloves)
MR       .....                  (no boots)
Stlth    ..........             (no amulet)
HPRegen  0.09/turn              f - -4 ring of evasion (curse)
MPRegen  0.08/turn              (no ring)

@: mighty, lethally poisoned (0 -> -4)
A: fire resistance 1, powered by death 1
a: no special abilities


You were on level 2 of the Dungeon.
You visited 1 branch of the dungeon, and saw 2 of its levels.

You collected 69 gold pieces.

Inventory:

Armour
 a - a +0 scale mail (worn)
 b - a +0 kite shield (worn)
Jewellery
 f - a cursed -4 ring of evasion (left hand)
Scrolls
 g - a scroll of remove curse {unknown}
Potions
 e - a potion of brilliance


   Skills:
 + Level 3.3 Fighting
 - Level 2.6 Armour
 + Level 3.0 Shields
 * Level 2.6 Unarmed Combat


You had 2 spell levels left.
You didn't know any spells.
Your spell library was empty.

Dungeon Overview and Level Annotations

Branches:
Dungeon (2/15)

Altars:


Innate Abilities, Weirdness & Mutations

Your flesh is heat resistant. (rF+)
You regenerate a little health from kills.


Message History

The frilled lizard bites you but does no damage.
You feel sick. The frilled lizard bites you.
* * * LOW HITPOINT WARNING * * *
The adder bites you but does no damage.
You feel sick. You block the adder's attack.
It was a potion of cancellation.
Your magical effects are unravelling.
You feel magically purged.
You feel a little less clever now. The adder bites you.
* * * LOW HITPOINT WARNING * * *
You are lethally poisoned!
The adder poisons you!
You feel very mighty all of a sudden. The adder bites you but does no damage.
You completely miss the adder.
The adder is heavily wounded.
* * * LOW HITPOINT WARNING * * *
You feel sick. The adder bites you.
You die...

...........#
.......†...#
..........#
.........<#
.........###
...........#
###.###.##.#
#.#.Sl# .#
#..@### #
#..## #....
#..##. ...
#. .. #. .
##


You could see an adder and a frilled lizard.

Vanquished Creatures
  3 dart slugs (D:1)
  A leopard gecko (D:1)
  4 bats (D:1)
  A giant cockroach (D:1)
  2 goblins (D:1)
  3 hobgoblins (D:1)
  A kobold (D:1)
  3 frilled lizards
  6 rats (D:1)
24 creatures vanquished.

Notes
Turn   | Place    | Note
-------+----------+-------------------------------------------
     0 | D:1      | Alarkh the Demonspawn Fighter began the quest for the Orb.
     0 | D:1      | Reached XP level 1. HP: 18/18 MP: 1/1
   134 | D:1      | Gained mutation: You regenerate a little health from kills.
                  | [demonic ancestry]
   134 | D:1      | Reached XP level 2. HP: 24/24 MP: 2/2
   761 | D:1      | Gained mutation: Your flesh is heat resistant. (rF+)
                  | [demonic ancestry]
   761 | D:1      | Reached XP level 3. HP: 29/29 MP: 3/3
   847 | D:2      | Slain by an adder

Illustrated notes

Levels and vault maps discovered:
D:1:      lightli_arrival_statuegarden, layout_loops_corners,
          minmay_misc_feat_cross
D:2:      layout_rooms, corexii_shack, uniq_robin

Skill      XL: |  1  2 |
---------------+-------+-----
Unarmed Combat | 2 |  2.6
Shields        | 3 |  3.0
Fighting       | |  3.3
Armour         | |  2.6

Action                   || total
-------------------------++-------
Melee: Unarmed           ||   123
  Use: Potion            ||     3
Armor: Scale mail        ||    65
Dodge: Dodged            ||    23
Block: Kite shield       ||    60

Table legend: (Time is in decaauts)
 A = Elapsed time spent in this place.
 B = Non-inter-level travel time spent in this place.
 C = Inter-level travel time spent in this place.
 D = Time resting spent in this place.
 E = Time spent auto-exploring this place.
 F = Levels seen in this place.
 G = Mean time per level.
                   A        B        C        D        E       F      G
               +--------+--------+--------+--------+--------+-----+--------+
         Total |    851 |    846 |      5 |      0 |    649 |   2 |  425.5 |
       Dungeon |    851 |    846 |      5 |      0 |    649 |   2 |  425.5 |
               +--------+--------+--------+--------+--------+-----+--------+

Top non-repeatable levels by time:
     D:1: 819 daAuts
     D:2: 32 daAuts
